 Dungeon Crawl Stone Soup version 0.27-a0-1565-gad902ab807 (webtiles) character file.

Game seed: 13589267133741916458

93 ezpacito the Skirmisher (level 4, 0/37 HPs)
             Began as a Demonspawn Abyssal Knight on July 16, 2021.
             Was a Believer of Lugonu.
             Slain by a gnoll (12 damage)
             ... on level 4 of the Dungeon.
             The game lasted 00:02:38 (2886 turns).

ezpacito the Skirmisher (Demonspawn Abyssal Knight) Turns: 2886, Time: 00:02:39

Health: 0/37       AC:  3    Str: 18      XL:     4   Next: 37%
Magic:  6/6        EV: 10    Int: 12 (13) God:    Lugonu [**....]
Gold:   73         SH:  3    Dex: 11 (14) Spells: 3/3 levels left

rFire    . . .     SeeInvis .   a - +1 hand axe
rCold    . . .     Faith    .   g - +0 buckler
rNeg     . . .     Spirit   .   b - +0 leather armour
rPois    .         Reflect  .   (no helmet)
rElec    .         Harm     .   (no cloak)
rCorr    .         Rampage  .   (no gloves)
Will     .....                  (no boots)
Stlth    +.........             (no amulet)
HPRegen  0.12/turn              e - +6 ring of strength
MPRegen  0.10/turn              (no ring)

@: no status effects
A: foul stench 1, powered by pain 2
a: Renounce Religion, Depart the Abyss, Bend Space


You were on level 4 of the Dungeon.
You worshipped Lugonu.
Lugonu was pleased with you.
You visited 1 branch of the dungeon, and saw 4 of its levels.
You visited the Abyss 1 time.

You collected 73 gold pieces.

Inventory:

Hand Weapons
 a - a +1 hand axe (weapon)
Missiles
 d - 7 javelins
Armour
 b - a +0 leather armour (worn)
 g - a +0 buckler (worn)
Jewellery
 e - a +6 ring of strength (left hand)


   Skills:
 + Level 3.7 Fighting
 + Level 2.4 Axes
 + Level 2.5 Armour
 - Level 1.3 Dodging
 + Level 0.4 Shields
 + Level 3.2 Invocations


You had 3 spell levels left.
You didn't know any spells.
Your spell library was empty.

Dungeon Overview and Level Annotations

Branches:
Dungeon (4/15)
 Temple: D:4-7

Altars:
Wu Jian


Innate Abilities, Weirdness & Mutations

You may rarely emit foul miasma when damaged in melee.
You sometimes gain power by taking damage.


Message History

You hit the gnoll.
The gnoll is lightly wounded.
You block the gnoll's attack. The gnoll hits you with a +0 flail.
You hit the gnoll.
The gnoll is moderately wounded.
The gnoll hits you with a +0 flail!
You aren't carrying any items that you can evoke.
Your library has no spells.
Okay, then.
You aren't carrying any potions.
You aren't carrying any scrolls.
You feel stronger.
e - a +6 ring of strength (left hand)
You barely miss the gnoll.
The gnoll is moderately wounded.
The gnoll hits you with a +0 flail. x2
You hit the gnoll.
The gnoll is heavily wounded.
The gnoll barely misses you.
You closely miss the gnoll.
The gnoll is heavily wounded.
The gnoll barely misses you.
You barely miss the gnoll.
The gnoll is heavily wounded.
The gnoll closely misses you. The gnoll barely misses you.
You completely miss the gnoll.
The gnoll is heavily wounded.
The gnoll barely misses you.
You slash the gnoll!
You kill the gnoll!
Lugonu accepts your kill.
You can now bend space around yourself.
You feel your strength returning.
Okay, then.
You hit the gnoll.
The gnoll is heavily wounded.
The gnoll barely misses you.
You closely miss the gnoll.
The gnoll is heavily wounded.
The gnoll hits you with a +0 flail. The gnoll hits you with a +0 flail!
You die...

.........J #
#......... #
#......... #
+....g....
########
..####.........
#.......
....<..........
#.###### #Z#
#.# #g# #.# #@#
#.# #.######
#.# #...[..#
#.# ######.#
#.# #.# #.# #.#
#.# #.####.#
#......#
########


You could see a gnoll and a hound skeleton.

Vanquished Creatures
  A gnoll (D:4)
  3 adders (D:2)
  A worm (D:2)
  A dart slug (D:1)
  2 endoplasms (D:2)
  2 giant cockroaches (D:1)
  6 hobgoblins
  6 jackals (D:1)
  3 quokkas
  4 ball pythons (D:1)
  4 bats
  3 frilled lizards
  5 goblins
  7 kobolds
  A rat (D:2)
49 creatures vanquished.

Notes
Turn   | Place    | Note
-------+----------+-------------------------------------------
     0 | Abyss:1  | ezpacito the Demonspawn Abyssal Knight began the quest for
                  | the Orb.
     0 | Abyss:1  | Reached XP level 1. HP: 18/18 MP: 2/2
    60 | Abyss:1  | Found a corrupted altar of Lugonu.
    61 | Abyss:1  | Found a broken altar of Ashenzari.
    92 | Abyss:1  | Noticed a large abomination
   123 | D:1      | Escaped the Abyss
   226 | D:1      | Found a faded altar of an unknown god.
   241 | D:1      | Gained mutation: You may rarely emit foul miasma when
                  | damaged in melee. [demonic ancestry]
   241 | D:1      | Reached XP level 2. HP: 20/24 MP: 3/3
   444 | D:1      | Reached * piety under Lugonu
   467 | D:1      | Reached skill level 1 in Dodging
   935 | D:1      | Gained mutation: You sometimes gain a little power by
                  | taking damage. [demonic ancestry]
   935 | D:1      | Reached XP level 3. HP: 29/29 MP: 5/5
  2126 | D:2      | Gained mutation: You sometimes gain power by taking damage.
                  | [demonic ancestry]
  2126 | D:2      | Reached XP level 4. HP: 22/36 MP: 6/6
  2570 | D:3      | Found an ornate altar of the Wu Jian Council.
  2884 | D:4      | Reached ** piety under Lugonu
  2886 | D:4      | Slain by a gnoll

Illustrated notes

Levels and vault maps discovered:
D:1:      minmay_arrival_wavy_path, layout_basic, basic_ecumenical_altar,
          interstate_on_off
D:2:      layout_loops_ring
D:3:      layout_basic, mainiacjoe_overflow_alcove_1, nzn_wu_jian_council_hall,
          lemuel_round_altar, mainiacjoe_overflow_chevrons
D:4:      layout_basic, minmay_tree_intersection, nicolae_shop_self_help

Skill      XL: |  1  2  3 |
---------------+----------+-----
Armour         | 2 |  2.5
Axes           | 2 |  2.4
Dodging        | 1 |  1.3
Invocations    | 3 |  3.2
Fighting       | |  3.7
Shields        | |  0.4

Action                   |  1- 3 |  4- 6 || total
-------------------------+-------+-------++-------
Melee: Hand axe          |   154 |    30 ||   184
Invok: Depart the Abyss  |     1 |       ||     1
  Use: Potion            |     2 |       ||     2
       Scroll            |       |     3 ||     3
Armor: Leather armour    |    41 |     4 ||    45
Dodge: Dodged            |   124 |    19 ||   143
Block: Buckler           |     5 |     3 ||     8

Table legend: (Time is in decaauts)
 A = Elapsed time spent in this place.
 B = Non-inter-level travel time spent in this place.
 C = Inter-level travel time spent in this place.
 D = Time resting spent in this place.
 E = Time spent auto-exploring this place.
 F = Levels seen in this place.
 G = Mean time per level.
                   A        B        C        D        E       F      G
               +--------+--------+--------+--------+--------+-----+--------+
         Total |   2925 |   2880 |     45 |    662 |   1799 |   5 |  585.0 |
       Dungeon |   2802 |   2757 |     45 |    662 |   1708 |   4 |  700.5 |
         Abyss |    123 |    123 |      0 |      0 |     91 |   1 |  123.0 |
               +--------+--------+--------+--------+--------+-----+--------+

Top non-repeatable levels by time:
     D:2: 1468 daAuts
     D:1: 1116 daAuts
     D:3: 132 daAuts
 Abyss:1: 123 daAuts
     D:4: 86 daAuts
